MLB
CLEVELAND GUARDIANS @ BALTIMORE ORIOLES
09/08/2026
 
TOP OF THE 1ST
Cleveland Guardians batting - Pitching for Baltimore Orioles : RHP Tanner Chleborad
Pitching: RHP Tanner Chleborad
Batting: LHB José Álvarez 0-0: Swinging Strike
0-1: SINGLE (Line Drive, 9LS, EV 85 MPH)
Batting: RHB Tyrone Taylor 0-0: Ball
1-0: Foul Ball, location: 2F
1-1: Swinging Strike
1-2: Ball
2-2: Ball
3-2: Fly out, F9 (Line Drive, 9D, EV 84 MPH)
Batting: RHB Liam Thompson 0-0: Ball
1-0: Called Strike
1-1: Fly out, F4 (Line Drive, 4, EV 96 MPH)
Batting: LHB Bob Seppings 0-0: Called Strike
0-1: Fly out, F5 (Popup, 5S, EV 71 MPH)
Top of the 1st over - 0 runs, 1 hit, 0 errors, 1 left on base; Cleveland 0 - Baltimore 0
BOTTOM OF THE 1ST
Baltimore Orioles batting - Pitching for Cleveland Guardians : RHP Sandor Visser
Pitching: RHP Sandor Visser
Batting: LHB Alfredo Ramos 0-0: Ball
1-0: SINGLE (Groundball, 34S, EV 61 MPH) (infield hit)
Batting: SHB Greg Henderson 0-0: Called Strike
0-1: Ball
1-1: Ball
2-1: Called Strike
2-2: Ball
3-2: Base on Balls
Alfredo Ramos to second
Batting: LHB Wilbert Austin 0-0: Fly out, F4 (Popup, 13S, EV 60 MPH)
Batting: RHB Robinson Pérez 0-0: Swinging Strike
0-1: Ball
1-1: Swinging Strike
1-2: Ball
2-2: Ball
3-2: Foul Ball, location: 2F
3-2: Base on Balls
Alfredo Ramos to third
Greg Henderson to second
Batting: LHB Lonnie Tyler 0-0: Ball
1-0: Swinging Strike
1-1: Foul Ball, location: 3F
1-2: Ball
2-2: Strikes out swinging
Batting: RHB Vic Sutton 0-0: Ball
1-0: Called Strike
1-1: Ball
2-1: Called Strike
2-2: Ball
3-2: Strikes out looking
Bottom of the 1st over - 0 runs, 1 hit, 0 errors, 3 left on base; Cleveland 0 - Baltimore 0
TOP OF THE 2ND
Cleveland Guardians batting - Pitching for Baltimore Orioles : RHP Tanner Chleborad
Batting: RHB Ernie Jones 0-0: Swinging Strike
0-1: SINGLE (Line Drive, 7, EV 87 MPH)
Batting: LHB Mike Papi 0-0: Ball
1-0: Foul Ball, location: 7LDF
1-1: Ball
2-1: Called Strike
2-2: Ball
3-2: Strikes out swinging
Batting: RHB Gleyber Torres 0-0: Ball
1-0: Sac Bunt to 3S - play at second, runner OUT! 3-6
Batting: RHB Andy Ibanez 0-0: Called Strike
0-1: Foul Ball, location: 2F
0-2: Fly out, F8 (Flyball, 89M, EV 85 MPH)
Top of the 2nd over - 0 runs, 1 hit, 0 errors, 1 left on base; Cleveland 0 - Baltimore 0
BOTTOM OF THE 2ND
Baltimore Orioles batting - Pitching for Cleveland Guardians : RHP Sandor Visser
Batting: RHB Jorge Mateo 0-0: Ball
1-0: Ball
2-0: Fly out, F9 (Line Drive, 9, EV 82 MPH)
Batting: SHB Ron Lilly 0-0: Called Strike
0-1: Swinging Strike
0-2: Fly out, F7 (Flyball, 7D, EV 94 MPH)
Batting: LHB Joaquín Pérez 0-0: Called Strike
0-1: Ball
1-1: Fly out, F8 (Line Drive, 8LD, EV 92 MPH)
Bottom of the 2nd over - 0 runs, 0 hits, 0 errors, 0 left on base; Cleveland 0 - Baltimore 0
TOP OF THE 3RD
Cleveland Guardians batting - Pitching for Baltimore Orioles : RHP Tanner Chleborad
Batting: RHB Juan González 0-0: Called Strike
0-1: Ball
1-1: Ball
2-1: Foul Ball, location: 9LSF
2-2: Ball
3-2: Base on Balls
Batting: LHB José Álvarez 0-0: Foul Ball, location: 2LF
0-1: Ball
1-1: Bunt - Flyout to 23! F3
Batting: RHB Tyrone Taylor 0-0: Bunted foul
0-1: Ball
1-1: Foul Ball, location: 2LF
1-2: Ball
2-2: Ball
3-2: Strikes out swinging
Batting: RHB Liam Thompson 0-0: Fly out, F8 (Line Drive, 8LM, EV 79 MPH)
Top of the 3rd over - 0 runs, 0 hits, 0 errors, 1 left on base; Cleveland 0 - Baltimore 0
BOTTOM OF THE 3RD
Baltimore Orioles batting - Pitching for Cleveland Guardians : RHP Sandor Visser
Batting: LHB Alfredo Ramos 0-0: Fly out, F6 (Popup, 6MS, EV 65 MPH)
Batting: SHB Greg Henderson 0-0: Called Strike
0-1: Ball
1-1: Foul Ball, location: 2F
1-2: Foul Ball, location: 2F
1-2: Ball
2-2: SOLO HOME RUN (Flyball, 9D, EV 96 MPH), Distance : 391 ft
Batting: LHB Wilbert Austin 0-0: Called Strike
0-1: Ball
1-1: Called Strike
1-2: Hit by Pitch
Batting: RHB Robinson Pérez 0-0: Bunt missed!
0-1: Ball
1-1: Called Strike
1-2: Foul Ball, location: 9LMFF
1-2: Ball
2-2: Foul Ball, location: 2F
2-2: Ball
3-2: Base on Balls
Wilbert Austin to second
Batting: LHB Lonnie Tyler 0-0: Called Strike
0-1: Fly out, F8 (Flyball, 8LXD, EV 116 MPH)
Runner from 2nd tags up, SAFE at 3rd, no throw by CF
Batting: RHB Vic Sutton 0-0: Ball
1-0: Called Strike
1-1: Ball
2-1: Fly out, F8 (Flyball, 78D, EV 101 MPH)
Bottom of the 3rd over - 1 run, 1 hit, 0 errors, 2 left on base; Cleveland 0 - Baltimore 1
TOP OF THE 4TH
Cleveland Guardians batting - Pitching for Baltimore Orioles : RHP Tanner Chleborad
Batting: LHB Bob Seppings 0-0: Called Strike
0-1: Swinging Strike
0-2: Ball
1-2: Ground out 4-3 (Groundball, 4S, EV 93 MPH)
Batting: RHB Ernie Jones 0-0: Called Strike
0-1: Ball
1-1: Foul Ball, location: 2F
1-2: Ground out 4-3 (Groundball, 4M, EV 71 MPH)
Batting: LHB Mike Papi 0-0: Called Strike
0-1: SOLO HOME RUN (Flyball, 89XD, EV 97 MPH), Distance : 384 ft
Batting: RHB Gleyber Torres 0-0: Ball
1-0: Ball
2-0: Ground out 6-3 (Groundball, 6S, EV 63 MPH)
Top of the 4th over - 1 run, 1 hit, 0 errors, 0 left on base; Cleveland 1 - Baltimore 1
BOTTOM OF THE 4TH
Baltimore Orioles batting - Pitching for Cleveland Guardians : RHP Sandor Visser
Batting: RHB Jorge Mateo 0-0: Ball
1-0: Ball
2-0: Called Strike
2-1: Foul Ball, location: 2F
2-2: Ball
3-2: Strikes out looking
Batting: SHB Ron Lilly 0-0: Ball
1-0: Called Strike
1-1: Foul Ball, location: 7LSF
1-2: Ball
2-2: Strikes out swinging
Batting: LHB Joaquín Pérez 0-0: Ball
1-0: DOUBLE (Line Drive, 78D, EV 85 MPH)
Batting: LHB Alfredo Ramos 0-0: Fly out, F7 (Flyball, 78D, EV 94 MPH)
Bottom of the 4th over - 0 runs, 1 hit, 0 errors, 1 left on base; Cleveland 1 - Baltimore 1
TOP OF THE 5TH
Cleveland Guardians batting - Pitching for Baltimore Orioles : RHP Tanner Chleborad
Batting: RHB Andy Ibanez 0-0: Ball
1-0: Called Strike
1-1: Ball
2-1: Foul Ball, location: 9LDF
2-2: Strikes out swinging
Batting: RHB Juan González 0-0: Ground out 4-3 (Groundball, 4S, EV 54 MPH)
Batting: LHB José Álvarez 0-0: Ball
1-0: Ground out 4-3 (Groundball, 4S, EV 87 MPH)
Top of the 5th over - 0 runs, 0 hits, 0 errors, 0 left on base; Cleveland 1 - Baltimore 1
BOTTOM OF THE 5TH
Baltimore Orioles batting - Pitching for Cleveland Guardians : RHP Sandor Visser
Batting: SHB Greg Henderson 0-0: Ball
1-0: Foul Ball, location: 23F
1-1: Swinging Strike
1-2: Strikes out looking
Batting: LHB Wilbert Austin 0-0: Called Strike
0-1: Called Strike
0-2: Strikes out swinging
Batting: RHB Robinson Pérez 0-0: Called Strike
0-1: Ball
1-1: Ball
2-1: Swinging Strike
2-2: Ball
3-2: Base on Balls
Batting: LHB Lonnie Tyler 0-0: Ball
1-0: Ball
2-0: Ball
3-0: Called Strike
3-1: Called Strike
3-2: Foul Ball, location: 3SF
3-2: Strikes out swinging
Bottom of the 5th over - 0 runs, 0 hits, 0 errors, 1 left on base; Cleveland 1 - Baltimore 1
TOP OF THE 6TH
Cleveland Guardians batting - Pitching for Baltimore Orioles : RHP Tanner Chleborad
Batting: RHB Tyrone Taylor 0-0: Foul Ball, location: 2F
0-1: Foul Ball, location: 3F
0-2: Ball
1-2: Fly out, F2 (Popup, 25F, EV 54 MPH)
Batting: RHB Liam Thompson 0-0: Ball
1-0: Called Strike
1-1: Fly out, F8 (Line Drive, 8RD, EV 94 MPH)
Batting: LHB Bob Seppings 0-0: Called Strike
0-1: Swinging Strike
0-2: Ball
1-2: Reached on error, E4 (Groundball, 4S, EV 92 MPH)
Batting: RHB Ernie Jones 0-0: Called Strike
0-1: Fly out, F8 (Line Drive, 8LD, EV 87 MPH)
Top of the 6th over - 0 runs, 0 hits, 1 error, 1 left on base; Cleveland 1 - Baltimore 1
BOTTOM OF THE 6TH
Baltimore Orioles batting - Pitching for Cleveland Guardians : RHP Sandor Visser
Batting: RHB Vic Sutton 0-0: Called Strike
0-1: Ground out 6-3 (Groundball, 6S, EV 89 MPH)
Batting: RHB Jorge Mateo 0-0: Ball
1-0: Called Strike
1-1: Foul Ball, location: 9LDF
1-2: Fly out, F2 (Popup, P, EV 81 MPH)
Batting: SHB Ron Lilly 0-0: Ball
1-0: Swinging Strike
1-1: Ball
2-1: Swinging Strike
2-2: Ball
3-2: Fly out, F7 (Line Drive, 7D, EV 76 MPH)
Bottom of the 6th over - 0 runs, 0 hits, 0 errors, 0 left on base; Cleveland 1 - Baltimore 1
TOP OF THE 7TH
Cleveland Guardians batting - Pitching for Baltimore Orioles : RHP Tanner Chleborad
Batting: LHB Mike Papi 0-0: Ground out 6-3 (Groundball, 6, EV 71 MPH)
Batting: RHB Gleyber Torres 0-0: Ball
1-0: Foul Ball, location: 2F
1-1: Swinging Strike
1-2: Ball
2-2: Foul Ball, location: 7LMF
2-2: SINGLE (Groundball, 6MD, EV 106 MPH)
Batting: RHB Andy Ibanez 0-0: Ball
1-0: Foul Ball, location: 9LMF
1-1: Swinging Strike
1-2: Strikes out swinging
Batting: RHB Juan González 0-0: Ball
1-0: Ball
2-0: Foul Ball, location: 2F
2-1: Ball
Gleyber Torres steals 2nd base
3-1: Called Strike
3-2: Foul Ball, location: 2LF
3-2: Ground out 5-3 (Groundball, 56, EV 52 MPH)
Top of the 7th over - 0 runs, 1 hit, 0 errors, 1 left on base; Cleveland 1 - Baltimore 1
BOTTOM OF THE 7TH
Baltimore Orioles batting - Pitching for Cleveland Guardians : RHP Sandor Visser
Pitching: RHP Bobby Young
Batting: LHB Joaquín Pérez 0-0: Called Strike
0-1: Ball
1-1: Swinging Strike
1-2: Ball
2-2: Ball
3-2: Foul Ball, location: 25F
3-2: Base on Balls
Batting: LHB Alfredo Ramos 0-0: Ball
1-0: Called Strike
1-1: Bunt - Flyout to 15! F1
Batting: SHB Greg Henderson 0-0: Foul Ball, location: 25FF
0-1: Ball
1-1: Ball
2-1: Ball
3-1: SINGLE (Line Drive, 78M, EV 85 MPH)
Joaquín Pérez to second
Pitching: LHP Chasen Shreve
Batting: LHB Wilbert Austin 0-0: Ball
1-0: Fly out, F7 (Flyball, 78M, EV 73 MPH)
Batting: RHB Robinson Pérez 0-0: Ball
1-0: Foul Ball, location: 9LDF
1-1: Foul Ball, location: 9LSF
1-2: Ball
2-2: Fly out, F3 (Popup, 3L, EV 51 MPH)
Bottom of the 7th over - 0 runs, 1 hit, 0 errors, 2 left on base; Cleveland 1 - Baltimore 1
TOP OF THE 8TH
Cleveland Guardians batting - Pitching for Baltimore Orioles : RHP Tanner Chleborad
Pitching: RHP Alfredo Flores
Batting: LHB José Álvarez 0-0: Ball
1-0: Ball
2-0: Foul Ball, location: 2F
2-1: DOUBLE (Flyball, 9LD, EV 96 MPH)
Batting: RHB Tyrone Taylor 0-0: Called Strike
0-1: SINGLE (Groundball, 56S, EV 61 MPH) (infield hit)
José Álvarez to third
Batting: RHB Liam Thompson 0-0: Swinging Strike
0-1: Fly out, F7 (Flyball, 7D, EV 100 MPH)
Runner from 3rd tags up, SCORES, no throw by LF
Batting: LHB Bob Seppings 0-0: Called Strike
0-1: Called Strike
0-2: Grounds into double play, U6-3 (Groundball, 4M, EV 107 MPH)
Top of the 8th over - 1 run, 2 hits, 0 errors, 0 left on base; Cleveland 2 - Baltimore 1
BOTTOM OF THE 8TH
Baltimore Orioles batting - Pitching for Cleveland Guardians : LHP Chasen Shreve
Pitching: RHP Luis Aguiler
Now in RF: Vladimir Guerrero Jr.
Batting: LHB Lonnie Tyler 0-0: Ground out 1-3 (Groundball, P, EV 86 MPH)
Pinch Hitting: LHB Jon Wilson 0-0: Ball
1-0: Ball
2-0: Called Strike
2-1: Fly out, F8 (Flyball, 89D, EV 114 MPH)
Batting: RHB Jorge Mateo 0-0: Ball
1-0: Fly out, F4 (Line Drive, 6M, EV 103 MPH)
Bottom of the 8th over - 0 runs, 0 hits, 0 errors, 0 left on base; Cleveland 2 - Baltimore 1
TOP OF THE 9TH
Cleveland Guardians batting - Pitching for Baltimore Orioles : RHP Alfredo Flores
Now in LF: Jon Wilson
Now in RF: Joaquín Pérez
Batting: RHB Ernie Jones 0-0: Ball
1-0: Foul Ball, location: 2F
1-1: Foul Ball, location: 5FF
1-2: Foul Ball, location: 7LMF
1-2: Strikes out swinging
Batting: LHB Mike Papi 0-0: Called Strike
0-1: Ball
1-1: Called Strike
1-2: Ball
2-2: Ball
3-2: Base on Balls
Batting: RHB Gleyber Torres 0-0: Ball
1-0: Ball
2-0: Ball
3-0: Called Strike
3-1: Base on Balls
Mike Papi to second
Batting: RHB Andy Ibanez 0-0: Foul Ball, location: 3F
0-1: SINGLE (Line Drive, 78M, EV 88 MPH)
Mike Papi to third
Gleyber Torres to second
Runner from 3rd tries for Home, SAFE, throw by LF to home
Pitching: RHP Randy Marte
Batting: RHB Juan González 0-0: Foul Ball, location: 5DF
0-1: Called Strike
0-2: Grounds into double play, 6-4-3 (Groundball, 6, EV 83 MPH)
Top of the 9th over - 1 run, 1 hit, 0 errors, 1 left on base; Cleveland 3 - Baltimore 1
BOTTOM OF THE 9TH
Baltimore Orioles batting - Pitching for Cleveland Guardians : RHP Luis Aguiler
Batting: SHB Ron Lilly 0-0: Ball
1-0: Ball
2-0: Foul Ball, location: 7LSF
2-1: Swinging Strike
2-2: Ball
3-2: Base on Balls
Batting: LHB Joaquín Pérez 0-0: Ball
1-0: Foul Ball, location: 2F
1-1: Foul Ball, location: 9LSF
1-2: DOUBLE (Line Drive, W RL, EV 95 MPH)
Ron Lilly to third
Pitching: RHP Angel Heredia
Batting: LHB Alfredo Ramos 0-0: Swinging Strike
0-1: Ball
1-1: Foul Ball, location: 2F
1-2: Foul Ball, location: 2F
1-2: Fly out, F6 (Popup, 6, EV 94 MPH)
Batting: SHB Greg Henderson 0-0: Called Strike
0-1: SINGLE (Groundball, 4D, EV 102 MPH)
Ron Lilly scores
Joaquín Pérez to third
Runner from 3rd tries for Home, SAFE, throw by CF to home
Greg Henderson to second
Batting: LHB Wilbert Austin 0-0: Intentional Walk
Pinch Hitting: LHB Nomar Mazara 0-0: Called Strike
0-1: Called Strike
0-2: Strikes out swinging
Batting: LHB Lonnie Tyler 0-0: Called Strike
0-1: Ball
1-1: Foul Ball, location: 23FF
1-2: Ball
2-2: Ball
3-2: Foul Ball, location: 23F
3-2: Fly out, F6 (Popup, 6D, EV 80 MPH)
Bottom of the 9th over - 2 runs, 2 hits, 0 errors, 2 left on base; Cleveland 3 - Baltimore 3
TOP OF THE 10TH
Cleveland Guardians batting - Pitching for Baltimore Orioles : RHP Randy Marte
Juan González starts the inning at 2nd base.
Pitching: RHP Jung-ho Chang
Now at C: Jeans Flores
Batting: LHB José Álvarez 0-0: Called Strike
0-1: Swinging Strike
0-2: Strikes out swinging
Batting: RHB Tyrone Taylor 0-0: Called Strike
0-1: Ball
1-1: Ground out 5-3 (Groundball, 56S, EV 73 MPH)
Juan González to third
Batting: RHB Liam Thompson 0-0: Ball
1-0: Swinging Strike
1-1: Called Strike
1-2: Ball
2-2: Ball
3-2: Base on Balls
Batting: RHB Vladimir Guerrero Jr. 0-0: Foul Ball, location: 3FF
0-1: Ball
1-1: Fly out, F8 (Flyball, 8LM, EV 83 MPH)
Top of the 10th over - 0 runs, 0 hits, 0 errors, 2 left on base; Cleveland 3 - Baltimore 3
BOTTOM OF THE 10TH
Baltimore Orioles batting - Pitching for Cleveland Guardians : RHP Angel Heredia
Lonnie Tyler starts the inning at 2nd base.
Batting: LHB Jon Wilson 0-0: Intentional Walk
Pitching: RHP Heath Hembree
Batting: RHB Jorge Mateo 0-0: Ball
1-0: Ground out 5-3 (Groundball, 6S, EV 77 MPH)
Lonnie Tyler to third
Jon Wilson to second
Batting: SHB Ron Lilly 0-0: Called Strike
0-1: Ball
1-1: Fly out, F7 (Flyball, 7, EV 83 MPH)
Batting: LHB Joaquín Pérez 0-0: Swinging Strike
0-1: Swinging Strike
0-2: Foul Ball, location: 7LSFF
0-2: Ground out U3 (Groundball, 3D, EV 90 MPH)
Bottom of the 10th over - 0 runs, 0 hits, 0 errors, 2 left on base; Cleveland 3 - Baltimore 3
TOP OF THE 11TH
Cleveland Guardians batting - Pitching for Baltimore Orioles : RHP Jung-ho Chang
Vladimir Guerrero Jr. starts the inning at 2nd base.
Batting: RHB Ernie Jones 0-0: Ball
1-0: Ball
2-0: Called Strike
2-1: Foul Ball, location: 2F
2-2: Strikes out swinging
Batting: LHB Mike Papi 0-0: Swinging Strike
0-1: Ball
1-1: Ball
2-1: Fly out, F5 (Popup, 25, EV 53 MPH)
Batting: RHB Gleyber Torres 0-0: Ball
1-0: Reached on error, E5 (Groundball, 56S, EV 61 MPH)
Vladimir Guerrero Jr. to third
Pitching: RHP Taijuan Walker
Batting: RHB Andy Ibanez 0-0: Swinging Strike
0-1: Ball
1-1: Ball
2-1: Called Strike
2-2: Ball
3-2: SINGLE (Line Drive, 89M, EV 75 MPH)
Vladimir Guerrero Jr. scores
Gleyber Torres to second
Gleyber Torres to third
Batting: RHB Juan González 0-0: Swinging Strike
0-1: Swinging Strike
0-2: Ball
1-2: SINGLE (Line Drive, 7, EV 85 MPH)
Gleyber Torres scores
Andy Ibanez to second
Runner from 2nd tries for 3rd, SAFE, throw by LF made to third
Juan González to second
Batting: LHB José Álvarez 0-0: Called Strike
0-1: Called Strike
0-2: Fly out, F8 (Flyball, 89M, EV 77 MPH)
Top of the 11th over - 2 runs, 2 hits, 1 error, 2 left on base; Cleveland 5 - Baltimore 3
BOTTOM OF THE 11TH
Baltimore Orioles batting - Pitching for Cleveland Guardians : RHP Heath Hembree
Joaquín Pérez starts the inning at 2nd base.
Batting: LHB Alfredo Ramos 0-0: Ball
1-0: Foul Ball, location: 5FF
1-1: Ball
2-1: Swinging Strike
2-2: Strikes out swinging
Batting: SHB Greg Henderson 0-0: Ball
Wild Pitch!
Joaquín Pérez to third
1-0: Swinging Strike
1-1: Ball
2-1: Ball
3-1: Called Strike
3-2: DOUBLE (Line Drive, W LL, EV 94 MPH)
Joaquín Pérez scores
Batting: LHB Wilbert Austin 0-0: Ball
1-0: Foul Ball, location: 2F
1-1: Foul Ball, location: 23F
1-2: Foul Ball, location: 23F
1-2: Strikes out looking
Pitching: RHP Jerry Throckmorton
Pinch Hitting: SHB Emmitt Shiplack 0-0: Ball
1-0: Ball
2-0: Ground out 6-3 (Groundball, 4MS, EV 76 MPH)
Bottom of the 11th over - 1 run, 1 hit, 0 errors, 1 left on base; Cleveland 5 - Baltimore 4
Monday, September 14th , 2026 - OOTP Baseball 27.4 Build 76